 Dungeon Crawl Stone Soup version 0.21.0-3-g78d12a8 (webtiles) character file.

28 komo4ek the Caller (level 3, -3/24 HPs)
             Began as a Human Summoner on Jan 16, 2018.
             Slain by an adder (4 damage)
             ... on level 1 of the Dungeon.
             The game lasted 00:03:10 (1325 turns).

komo4ek the Caller (Human Summoner)                 Turns: 1325, Time: 00:03:11

Health: -3/24      AC:  1    Str:  8    XL:     3   Next: 27%
Magic:  2/6        EV: 12    Int: 18    God:
Gold:   86         SH:  0    Dex: 13    Spells: 2/6 levels left

rFire    + . .     SeeInvis .   e - +0 whip
rCold    . . .     Gourm    .   (no shield)
rNeg     . . .     Faith    .   a - +0 robe
rPois    .         Spirit   .   (no helmet)
rElec    .         Reflect  .   (no cloak)
rCorr    .         Harm     .   (no gloves)
MR       .....                  (no boots)
Stlth    ++........             (no amulet)
HPRegen  0.08/turn              (no ring)
MPRegen  0.10/turn              (no ring)

@: lethally poisoned (-3 -> -20)
A: clever 1, deformed body, fire resistance 1
a: no special abilities


You were on level 1 of the Dungeon.
You were not hungry.

You visited 1 branch of the dungeon, and saw 2 of its levels.

You collected 86 gold pieces.

Inventory:

Hand Weapons
 e - a +0 whip (weapon)
Armour
 a - a +0 robe (worn)
Jewellery
 j - an uncursed ring of ice {unknown}
Scrolls
 d - 3 scrolls of identify {unknown}
 g - a scroll of teleportation {unknown}
Potions
 h - a potion of degeneration {unknown}
 i - a potion of lignification {unknown}
Books
 b - a book of Callings

   Spells                             Type                      Level
   a - Summon Small Mammal            Summoning                    1
   b - Call Imp                       Summoning                    2
   c - Call Canine Familiar           Summoning                    3
   d - Summon Guardian Golem          Hexes/Summoning              3
   e - Summon Lightning Spire         Summoning/Air                4
   f - Summon Ice Beast               Ice/Summoning                4
Comestibles
 c - 4 rations
 k - 2 chunks of flesh


   Skills:
 - Level 2.0 Dodging
 - Level 2.0 Stealth
 + Level 2.4 Spellcasting
 * Level 4.6 Summonings


You had 2 spell levels left.
You knew the following spells:

 Your Spells              Type           Power        Failure   Level  Hunger
a - Summon Small Mammal   Summ           ###.         2%          1    #......
b - Call Canine Familiar  Summ           ###.....     8%          3    ###....


Dungeon Overview and Level Annotations

Branches:
Dungeon (2/15)

Altars:


Innate Abilities, Weirdness & Mutations

Your mind is acute. (Int +2)
Armour fits poorly on your strangely shaped body.
Your flesh is heat resistant. (rF+)


Message History

You feel sick. The adder misses your hound.
There is a stone staircase leading up here.
Your hound misses the adder. The adder bites you.
* * * LOW HITPOINT WARNING * * *
You are more poisoned.
The adder poisons you! The adder bites your hound.
Your hound is poisoned.
The adder poisons your hound!
Your hound barely misses the adder.
You climb upwards.
* * * LOW HITPOINT WARNING * * *
You feel sick.
There is a stone staircase leading down here.
It was a potion of mutation.
You feel extremely strange.
Your body twists and deforms.
You feel clever.
You feel resistant to heat.
* * * LOW HITPOINT WARNING * * *
You feel sick. The adder bites you.
* * * LOW HITPOINT WARNING * * *
You are more poisoned.
The adder poisons you! The adder bites you.
You die...

........#.#.###..........#
###.....#.#.# #.#........# #
##...#....###.#.#.....## #
##.#.#....##....#...## #
#.........###..##.## #
###.#....####.รท##.#
##..............###########
##.######.S.#####......... ###
#.@..####.....#####
#.............#
###################
#.........#.......
#.........#.......
#.........'.......
#...############..
################...#.....'....#..
..............##...#.....'....#..


You could see an adder.

Vanquished Creatures
  2 bats (D:1)
  2 hobgoblins (D:1)
  A frilled lizard (D:1)
  3 rats
8 creatures vanquished.

Vanquished Creatures (collateral kills)
  2 oozes
  2 dart slugs (D:2)
  A leopard gecko (D:1)
  A giant cockroach (D:1)
  2 goblins (D:1)
  A hobgoblin (D:1)
  A bat (D:1)
  3 frilled lizards
  5 kobolds
  A rat (D:2)
19 creatures vanquished.

Grand Total: 27 creatures vanquished

Notes
Turn   | Place    | Note
-------+----------+-------------------------------------------
     0 | D:1      | komo4ek the Human Summoner began the quest for the Orb.
     0 | D:1      | Reached XP level 1. HP: 13/13 MP: 3/3
   515 | D:1      | Reached XP level 2. HP: 17/19 MP: 3/5
  1179 | D:2      | Reached XP level 3. HP: 22/24 MP: 6/6
  1184 | D:2      | Learned a level 3 spell: Call Canine Familiar
  1325 | D:1      | Gained mutation: Armour fits poorly on your strangely shaped body. [potion of mutation]
  1325 | D:1      | Gained mutation: Your mind is acute. (Int +2) [potion of mutation]
  1325 | D:1      | Gained mutation: Your flesh is heat resistant. (rF+) [potion of mutation]
  1325 | D:1      | HP: 1/24 [adder (1)]
  1325 | D:1      | Slain by an adder

Action                   || total
-------------------------++-------
Melee: Whip              ||    35
 Cast: Summon Small Mamm ||    20
       Call Canine Famil ||     5
  Use: Potion            ||     1
 Stab: Sleeping          ||     1
  Eat: Chunk             ||     2
Armor: Robe              ||    10
Dodge: Dodged            ||    38
